 Dungeon Crawl Stone Soup version 0.27.0-1-g7a089689b8 (webtiles) character file.

Game seed: 15496685494856733597

548 Brandom the Chopper (level 7, -1/61 HPs)
             Began as a Hill Orc Abyssal Knight on Aug 11, 2021.
             Was a Believer of Lugonu.
             Succumbed to a scorpion's poison
             ... on level 6 of the Dungeon.
             The game lasted 00:09:30 (5641 turns).

Brandom the Chopper (Hill Orc Abyssal Knight)       Turns: 5641, Time: 00:09:31

Health: -1/61      AC: 12    Str: 16 (17) XL:     7   Next: 28%
Magic:  10/10      EV:  5    Int: 11 (12) God:    Lugonu [**....]
Gold:   186        SH:  0    Dex:  9 (10) Spells: 6/6 levels left

rFire    + . .     SeeInvis .   a - +2 hand axe
rCold    . . .     Faith    .   (no shield)
rNeg     . . .     Spirit   .   l - +1 plate armour {rF+}
rPois    .         Reflect  .   (no helmet)
rElec    .         Harm     .   (no cloak)
rCorr    .         Rampage  .   (no gloves)
Will     .....                  (no boots)
Stlth    ..........             (no amulet)
HPRegen  0.20/turn              (no ring)
MPRegen  0.12/turn              (no ring)

@: brilliant, lethally poisoned (-1 -> -18)
A: no striking features
a: Renounce Religion, Depart the Abyss, Bend Space


You were on level 6 of the Dungeon.
You worshipped Lugonu.
Lugonu was pleased with you.
You visited 1 branch of the dungeon, and saw 6 of its levels.
You visited the Abyss 1 time.

You collected 186 gold pieces.

Inventory:

Hand Weapons
 a - a +2 hand axe (weapon)
Armour
 b - a +0 leather armour
 i - a +0 chain mail
   (You found it on level 1 of the Dungeon)
 l - a +1 plate armour of fire resistance (worn)
   (You found it on level 3 of the Dungeon)
Scrolls
 k - a scroll of enchant armour {unknown}
 o - a scroll of teleportation {@r4}
 p - a scroll of identify {@r1}
Potions
 c - a potion of mutation {unknown}
 d - a potion of flight {unknown}
 e - a potion of degeneration {!q}
 f - a potion of lignification {!q}
 g - 2 potions of heal wounds {unknown}


   Skills:
 + Level 5.1 Fighting
 * Level 6.2 Axes
 + Level 4.0 Armour
 + Level 2.3 Dodging
 + Level 4.7 Invocations


You had 6 spell levels left.
You didn't know any spells.
Your spell library contained the following spells:

 Spells                   Type           Power      Damage    Failure   Level
 Sandblast                Erth           0%         2d4       100%        1
 Passwall                 Tmut/Erth      0%         N/A       100%        2
 Frozen Ramparts          Ice            0%         1d2       100%        3
 Ice Form                 Ice/Tmut       0%         N/A       100%        4
 Summon Ice Beast         Ice/Summ       0%         N/A       100%        4
 Lee's Rapid Deconstruct  Erth           0%         3d5*      100%        5


Dungeon Overview and Level Annotations

Branches:
Dungeon (4/15)
 Temple: D:4-7

Altars:


Message History

You are more poisoned.
The scorpion poisons you!
You barely miss the scorpion.
You feel very sick. The scorpion stings you!
* * * LOW HITPOINT WARNING * * *
You closely miss the scorpion.
You feel very sick. The scorpion stings you.
* * * LOW HITPOINT WARNING * * *
You feel better.
The scorpion stings you but does no damage.
You hit the scorpion. The scorpion closely misses you.
Unknown command.
You hit the scorpion. The scorpion stings you.
* * * LOW HITPOINT WARNING * * *
You are poisoned.
The scorpion poisons you!
You barely miss the scorpion.
You feel very sick. The scorpion stings you.
* * * LOW HITPOINT WARNING * * *
You are lethally poisoned!
The scorpion poisons you! The scorpion barely misses you.
Your plate armour prevents you from hitting the scorpion.
* * * LOW HITPOINT WARNING * * *
You feel very sick.
The scorpion stings you but does no damage.
You slash the scorpion!
* * * LOW HITPOINT WARNING * * *
You feel very sick.
The scorpion stings you but does no damage.
You barely miss the scorpion.
* * * LOW HITPOINT WARNING * * *
You feel very sick.
The scorpion stings you but does no damage.
Unknown command.
It was a potion of degeneration.
There was something very wrong with that liquid.
You feel weakened.
You feel dopey.
You feel clumsy.
e - a potion of degeneration
* * * LOW HITPOINT WARNING * * *
You feel very sick. The scorpion stings you.
* * * LOW HITPOINT WARNING * * *
You are more poisoned.
The scorpion poisons you!
It was a potion of brilliance.
You feel clever all of a sudden.
You die...

***,,,+,,,,,*,,,,,**,,,,**,,,*
,,,,,,*,,,..*,,,,,,,,,,,,,,,,*
,**+*,,,,,,.########,,,,,,,,,*
**,,,,*****#.......#,,,,,,,,,*
,,,,,,* #.......#,,,,,,,,,*
,,,,,,* #?......#,,****,,,*
,,,,,,* #.......#,,****,,,*
,,***** #....s..#,,,,,,,,,*
,,+,,,* #....@..#,,,,,,,,,*
,,*,,,* #.......#,,,,,,,,,*
,,***** #.......#,,,,,,,,,*
,,,,,,* #.......#######,,,*
,,,,,,* ########......#,,,*
,,,,,,* #......#,,,* ,,,,,,*
#......#,,,* *******
########......#,,,* ,,,,,,*
#.............######


You could see a scorpion.

Vanquished Creatures
  2 scorpions
  A water moccasin skeleton (D:4)
  3 hounds (D:4)
  An orc priest (D:3)
  A bullfrog skeleton (D:4)
  A centaur skeleton (D:4)
  An iguana (D:4)
  An adder (D:3)
  7 gnolls
  A river rat (D:3)
  An adder skeleton (D:4)
  3 worms
  2 dart slugs
  6 orcs
  5 bats
  6 endoplasms
  2 giant cockroaches
  7 goblins
  4 hobgoblins
  6 jackals (D:2)
  9 ball pythons
  8 frilled lizards
  8 kobolds
  2 rats
88 creatures vanquished.

Notes
Turn   | Place    | Note
-------+----------+-------------------------------------------
     0 | Abyss:1  | Brandom the Hill Orc Abyssal Knight began the quest for the
                  | Orb.
     0 | Abyss:1  | Reached XP level 1. HP: 19/19 MP: 2/2
    52 | Abyss:1  | Found a corrupted altar of Lugonu.
   136 | Abyss:1  | Noticed a large abomination
   159 | Abyss:1  | Noticed a neqoxec
   162 | D:1      | Escaped the Abyss
   519 | D:1      | Reached skill level 3 in Axes
   649 | D:1      | Reached XP level 2. HP: 27/27 MP: 3/3
   741 | D:1      | Reached skill level 1 in Dodging
   749 | D:1      | Reached * piety under Lugonu
  1384 | D:2      | Reached XP level 3. HP: 29/33 MP: 5/5
  2424 | D:2      | Reached XP level 4. HP: 19/40 MP: 6/6
  2597 | D:2      | Reached skill level 4 in Axes
  3128 | D:3      | Reached ** piety under Lugonu
  3159 | D:3      | Noticed a great orb of eyes
  3161 | D:3      | Found a faded altar of an unknown god.
  3162 | D:3      | Noticed a great orb of eyes
  3162 | D:3      | Noticed a great orb of eyes
  3162 | D:3      | Noticed an eye of devastation
  3422 | D:3      | Reached XP level 5. HP: 29/47 MP: 7/7
  4671 | D:4      | Reached skill level 5 in Axes
  4671 | D:4      | Reached XP level 6. HP: 48/53 MP: 8/8
  5213 | D:4      | Reached skill level 5 in Fighting
  5213 | D:4      | Reached XP level 7. HP: 61/61 MP: 10/10
  5233 | D:4      | Reached skill level 6 in Axes
  5343 | D:4      | You fall into a shaft and drop 1 floor!
  5343 | D:5      | Entered Level 5 of the Dungeon
  5384 | D:5      | You fall into a shaft and drop 1 floor!
  5640 | D:6      | HP: 3/61 [scorpion (2)]
  5641 | D:6      | Succumbed to a scorpion's poison

Illustrated notes

Levels and vault maps discovered:
D:1:      tarquinn_simple_flora_water_e, layout_basic, hangedman_decor_growths
D:2:      layout_rooms
D:3:      layout_loops_ring, hellmonk_ecumenical_altar_watching_god,
          cheibrodos_sewer_entry_sluice, serial_rivers,
          chequers_serial_rivers_micro_a, chequers_serial_rivers_micro_c,
          chequers_serial_rivers_micro_e, chequers_serial_rivers_micro_a
D:4:      minmay_razor_zed, layout_loops_ring
D:5:      layout_loops_ring, feat_on_display
D:6:      layout_gridville, kennysheep_generic_room_4

Skill      XL: |  1  2  3  4  5  6  7 |
---------------+----------------------+-----
Axes           | 3 4 5 6 |  6.2
Dodging        | 1 2 |  2.3
Fighting       | 4 5 |  5.1
Invocations    | 3 4 |  4.7
Armour         | 3 4 |  4.0

Action                   |  1- 3 |  4- 6 |  7- 9 || total
-------------------------+-------+-------+-------++-------
Melee: Hand axe          |   159 |   189 |    39 ||   387
Invok: Depart the Abyss  |     1 |       |       ||     1
  Use: Scroll            |       |     5 |     4 ||     9
       Potion            |       |       |     3 ||     3
Armor: Leather armour    |    17 |       |       ||    17
       Chain mail        |   100 |    36 |       ||   136
       Plate armour      |       |   110 |    25 ||   135
Dodge: Dodged            |    73 |    60 |     9 ||   142
